 Dungeon Crawl Stone Soup version 0.30-a0-639-g3916f1956a (webtiles) character file.

Game seed: 6309597196380505551

574 Newt the Cudgeller (level 7, 0/51 (54) HPs)
             Began as a Demonspawn Gladiator on Jan 16, 2023.
             Was a Believer of Wu Jian.
             Slain by a wight
             ... wielding a +4 scimitar
              (2 damage)
             ... on level 4 of the Dungeon.
             The game lasted 00:03:01 (3015 turns).

Newt the Cudgeller (Demonspawn Gladiator)           Turns: 3015, Time: 00:03:01

HP:   0/51 (54)     AC:  6    Str: 17    XL:     7   Next: 12%
MP:   7/7           EV: 12    Int:  9    God:    Wu Jian [**....]
Gold: 125           SH:  0    Dex: 14    Spells: 6/6 levels left

rFire   . . .      SeeInvis +    p - +5 hammer of Trial by Ordeal {protect, rPois Will+ SInv}
rCold   . . .      Faith    .    (no shield)
rNeg    . . .      Spirit   .    b - +0 leather armour
rPois   +          Reflect  .    c - +0 helmet
rElec   .          Harm     .    o - +0 cloak
rCorr   .          Rampage  .    f - +0 pair of gloves
Will    +....                    (no boots)
Stlth   ++                       (no amulet)
HPRegen 0.28/turn                (no ring)
MPRegen 0.20/turn                (no ring)

@: drained
A: hooves 2, ignite blood 1, magic regeneration
a: Renounce Religion, Wall Jump


You were on level 4 of the Dungeon.
You worshipped Wu Jian.
Wu Jian was pleased with you.
You visited 1 branch of the dungeon, and saw 4 of its levels.

You collected 125 gold pieces.

Inventory:

Hand Weapons
 a - a +0 rapier
 g - a +1 dagger of pain
 p - the +5 hammer of Trial by Ordeal (weapon) {protect, rPois Will+ SInv}
   (You found it on level 2 of the Dungeon)

   rPois:     It protects you from poison.
   SInv:      It lets you see invisible.
   Will:      It increases your willpower.
Missiles
 d - 2 throwing nets (quivered)
 e - 6 javelins
Armour
 b - a +0 leather armour (worn)
 c - a +0 helmet (worn)
 f - a +0 pair of gloves (worn)
 o - a +0 cloak (worn)
Wands
 n - a wand of digging (6)
Scrolls
 q - a scroll of poison
 s - 2 scrolls of amnesia
Potions
 h - a potion of attraction
 i - 2 potions of resistance {unknown}
 j - a potion of lignification {unknown}
 l - a potion of degeneration {unknown}
 u - 3 potions of curing {unknown}
 w - a potion of ambrosia {unknown}


   Skills:
 - Level 4.0 Fighting
 - Level 2.6 Short Blades
 + Level 5.2 Maces & Flails
 - Level 1.7 Throwing
 - Level 2.6 Dodging
 - Level 3.0 Stealth


You had 6 spell levels left.
You didn't know any spells.
Your spell library contained the following spells:

 Spells                   Type           Power      Damage    Failure   Level
 Apportation              Tloc           0%         N/A       45%         1
 Kindle Blastsparks       Fire/Tloc/Air  0%         2d10      83%         3
 Fulminant Prism          Conj/Hex       0%         3d5       99%         4
 Iskenderun's Mystic Bla  Conj/Tloc      0%         2d3       99%         4
 Alistair's Intoxication  Tmut/Pois      0%         N/A       100%        5
 Lee's Rapid Deconstruct  Erth           0%         3d4*      100%        5
 Summon Forest            Summ/Tloc      0%         N/A       100%        5
 Eringya's Noxious Bog    Tmut/Pois      0%         N/A       100%        6
 Summon Hydra             Summ           0%         N/A       100%        7


Dungeon Overview and Level Annotations

Branches:
Dungeon (4/15)             Temple (0/1) D:4

Altars:
Uskayaw
Wu Jian


Innate Abilities, Weirdness & Mutations

You have hoof-like feet.
Your demonic aura sometimes causes spilled blood to erupt in flames.
You regenerate magic rapidly.


Message History

The endoplasm barely misses you.
You sock the endoplasm!
You kill the endoplasm!
The Council accepts your kill.
A wight comes into view. It is wielding a +2 morningstar.
A ball python comes into view.
You closely miss the wight. The wight hits you with a +4 scimitar.
You feel drained.
There are monsters nearby!
There are monsters nearby!
You closely miss the wight.
The ball python hisses angrily.
Your kick misses the wight. The wight hits you with a +4 scimitar.
You barely miss the wight. The wight hits you with a +4 scimitar!
You hit the wight but do no damage.
Your weapon exudes an aura of protection.
Your kick misses the wight.
The ball python bites you but does no damage.
The ball python grabs you. The ball python constricts you.
The wight hits you with a +4 scimitar!
The ball python bites you but does no damage.
The ball python constricts you. The wight closely misses you.
You sock the wight! You kick the wight, but do no damage.
The wight is heavily damaged.
The ball python bites you but does no damage.
The ball python constricts you. The wight hits you with a +4 scimitar!
* * * LOW HITPOINT WARNING * * *
You escape the ball python's grasp.
The ball python attacks as you move away!
The ball python closely misses you.
The ball python attacks as you move away!
The ball python barely misses you.
You spin and attack the ball python.
You sock the ball python!
You kill the ball python!
The Council accepts your kill. The wight attacks as you move away!
The wight barely misses you. The wight attacks as you move away!
The wight hits you with a +4 scimitar!
* * * LOW HITPOINT WARNING * * *
You feel drained.
You die...

.........................********
..................#.......,,,,,,,
.......))..........~~~...########
#......))..######.~§§~~........[.
#................~~~~~~~.......#,
#................~§~>~§~.......#,
##...............~~~§~§~.......#,
.+..........###...~~§~~........#,
##..........# #.@z.§~~.........#,
........#...# #....z...........+,
.#......#...# #................#,
.#......#...# #...##...........#,
........#,,.# #...##...........#,
........#,,,* #...##...........#*
####+####**** #...##############
.,,,,* #...# ****** #####


You could see 2 wights.

Vanquished Creatures
  Sigmund (D:3)
  2 kobold brigands (D:3)
  A hound (D:4)
  An orc priest (D:4)
  Crazy Yiuf (D:2)
  Terence (D:2)
  2 orc wizards (D:4)
  3 adders
  A worm (D:2)
  A dart slug (D:3)
  2 orcs (D:4)
  7 ball pythons
  5 endoplasms
  A giant cockroach (D:1)
  4 goblins
  11 hobgoblins
  4 jackals (D:2)
  12 kobolds
  5 quokkas
  8 bats
  2 rats
75 creatures vanquished.

Vanquished Creatures (others)
  3 fungi (D:2)
  10 plants (D:2)
13 creatures vanquished.

Grand Total: 88 creatures vanquished

Notes
Turn   | Place    | Note
-------+----------+-------------------------------------------
     0 | D:1      | Newt the Demonspawn Gladiator began the quest for the Orb.
     0 | D:1      | Reached XP level 1. HP: 16/16 MP: 1/1
    78 | D:1      | Reached skill level 1 in Stealth
   210 | D:1      | Gained mutation: Your demonic aura sometimes causes spilled
                  | blood to erupt in flames. [demonic ancestry]
   210 | D:1      | Reached XP level 2. HP: 19/22 MP: 2/2
   859 | D:2      | Reached XP level 3. HP: 16/27 MP: 3/3
   917 | D:2      | Found a faded altar of an unknown god.
   946 | D:2      | Prayed at the altar of an unknown god.
   946 | D:2      | Became a worshipper of the Wu Jian Council
   946 | D:2      | Reached * piety under Wu Jian
  1062 | D:2      | Noticed Terence
  1083 | D:2      | Killed Terence
  1084 | D:2      | Gained mutation: You have large cloven feet. [demonic
                  | ancestry]
  1084 | D:2      | Reached XP level 4. HP: 27/35 MP: 4/4
  1574 | D:2      | Found a runed translucent door.
  1575 | D:2      | Noticed Crazy Yiuf
  1582 | D:2      | Killed Crazy Yiuf
  1587 | D:2      | Identified the +5 hammer of Trial by Ordeal {protect, rPois
                  | Will+ SInv}
  1826 | D:3      | Reached XP level 5. HP: 34/42 MP: 5/5
  1909 | D:3      | Noticed Sigmund
  1913 | D:3      | Killed Sigmund
  1914 | D:3      | Reached skill level 3 in Maces & Flails
  1914 | D:3      | Gained mutation: You regenerate magic rapidly. [demonic
                  | ancestry]
  1914 | D:3      | Reached XP level 6. HP: 48/48 MP: 6/6
  2126 | D:3      | Reached ** piety under Wu Jian
  2127 | D:3      | Reached skill level 4 in Maces & Flails
  2136 | D:3      | HP: 2/48 [hobgoblin/+0 club (1)]
  2143 | D:3      | HP: 2/48 [hobgoblin/+0 club (3)]
  2661 | D:3      | Found a hide-covered altar of Uskayaw.
  2919 | D:4      | Reached skill level 5 in Maces & Flails
  2919 | D:4      | Gained mutation: You have hoof-like feet. [demonic
                  | ancestry]
  2919 | D:4      | Reached XP level 7. HP: 37/54 MP: 7/7
  2986 | D:4      | Found a staircase to the Ecumenical Temple.
  3015 | D:4      | HP: 2/53 [wight/+4 scimitar (16)]
  3015 | D:4      | Slain by a wight

Illustrated notes

Levels and vault maps discovered:
D:1:      dpeg_arrival_fog, layout_loops_cross, feat_on_display
D:2:      layout_basic, shapermc_ecumenical_altar_mp_ritualfount,
          uniq_crazy_yiuf_cottage, uniq_terence
D:3:      cheibrodos_thug_alley, layout_basic, nicolae_overflow_hidden_temple,
          uniq_sigmund
D:4:      layout_basic, minmay_temple_entry_mist, minivault_27

Skill      XL: |  1  2  3  4  5  6 |
---------------+-------------------+-----
Stealth        | 1 2 3 |  3.0
Fighting       | 3 4 |  4.0
Maces & Flails | 3 5 |  5.2
Short Blades   | |  2.6
Throwing       | |  1.7
Dodging        | |  2.6

Action                   |  1- 3 |  4- 6 |  7- 9 || total
-------------------------+-------+-------+-------++-------
Melee: Rapier            |    19 |       |       ||    19
       Dagger            |   133 |    27 |       ||   160
       Punch             |     1 |       |       ||     1
       Mace              |       |    65 |    10 ||    75
       Kick              |       |    19 |     2 ||    21
Throw: Throwing net      |       |     1 |       ||     1
Invok: Lunge             |     4 |    15 |     2 ||    21
       Whirlwind         |       |       |     1 ||     1
 Abil: Wall Jump         |       |     2 |       ||     2
  Use: Scroll            |     2 |     7 |       ||     9
 Stab: Sleeping          |     1 |     6 |       ||     7
       Held in net/web   |       |     2 |       ||     2
Armor: Leather armour    |    55 |    36 |     5 ||    96
Dodge: Dodged            |    92 |    41 |     5 ||   138

Table legend: (Time is in decaauts)
 A = Elapsed time spent in this place.
 B = Non-inter-level travel time spent in this place.
 C = Inter-level travel time spent in this place.
 D = Time resting spent in this place.
 E = Time spent auto-exploring this place.
 F = Levels seen in this place.
 G = Mean time per level.
                   A        B        C        D        E       F      G
               +--------+--------+--------+--------+--------+-----+--------+
         Total |   3019 |   2899 |    120 |    362 |   2020 |   4 |  754.8 |
       Dungeon |   3019 |   2899 |    120 |    362 |   2020 |   4 |  754.8 |
               +--------+--------+--------+--------+--------+-----+--------+

Top non-repeatable levels by time:
     D:3: 1196 daAuts
     D:2: 921 daAuts
     D:1: 720 daAuts
     D:4: 182 daAuts
